 Dungeon Crawl Stone Soup version 0.18.1-50-g88ac8fd (webtiles) character file.

448 Amnesiac the Cutter (level 6, -1/36 HPs)
             Began as a Deep Elf Fighter on Mar 5, 2018.
             Killed from afar by an orc wizard (3 damage)
             ... with a puff of frost
             ... on level 3 of the Dungeon.
             The game lasted 00:08:29 (2241 turns).

Amnesiac the Cutter (Deep Elf Fighter)              Turns: 2241, Time: 00:08:30

Health: -1/36      AC:  9    Str: 15    XL:     6   Next: 73%
Magic:  8/8        EV:  7    Int: 13    God:
Gold:   240        SH: 11    Dex: 14    Spells: 0 memorised, 5 levels left

rFire  . . .     SeeInvis .     i - +3 dagger (freeze)
rCold  . . .     Gourm    .     p - +3 ring mail
rNeg   + . .     Faith    .     c - +0 shield
rPois  .         Spirit   .     (no helmet)
rElec  .         Dismiss  .     (no cloak)
rCorr  .         Reflect  +     j - +0 pair of gloves
SustAt .         Harm     .     (no boots)
MR     .....                    o - +3 amulet of reflection
Stlth  +.........               (no ring)
                                t - ring of positive energy

@: not resistant to hostile enchantments, very unstealthy
A: no striking features
a: no special abilities


You were on level 3 of the Dungeon.
You were not hungry.

You visited 2 branches of the dungeon, and saw 8 of its levels.

You collected 240 gold pieces.

Inventory:

Hand Weapons
 h - a -2 dagger
 i - a +3 dagger of freezing (weapon)
Missiles
 m - 16 poisoned needles
 n - 4 poisoned javelins (quivered)
 q - 72 stones
Armour
 c - a +0 shield (worn)
 j - a +0 pair of gloves (worn)
 p - a +3 ring mail (worn)
 r - a +0 ring mail of magic resistance
Jewellery
 o - a +3 amulet of reflection (around neck)
 t - a ring of positive energy (left hand)
Scrolls
 e - a scroll of teleportation {!r}
 u - a scroll of recharging {!r}
Comestibles
 a - a beef jerky
 b - a fruit
 f - 3 bread rations
 k - a chunk of flesh


   Skills:
 - Level 2.4 Fighting
 + Level 7.3 Short Blades
 - Level 2.4 Armour
 - Level 2.4 Shields


You had 5 spell levels left.
You didn't know any spells.

Dungeon Overview and Level Annotations

Branches:
Dungeon (7/15)             Temple (1/1) D:7

Altars:
Cheibriados
Elyvilon
Nemelex Xobeh
Qazlal
Sif Muna
Xom
Zin
The Shining One

Annotations:
D:5 Pikel


Message History

The orc barely misses you.
You hit the orc. You freeze the orc.
You kill the orc!
You climb downwards.
You block the ogre's attack. You block the orc's attack.
There is a stone staircase leading up here.
The orc wizard casts a spell at you. The magic dart hits you!
You block the ogre's attack. The orc hits you with a flail.
The orc wizard casts a spell at you. The puff of frost hits you!
You climb upwards.
There is a stone staircase leading down here.
You see here a club.
The orc wizard hits you with a dagger.
The orc wizard mumbles some strange words.
The orc wizard seems to speed up.
Things that are here:
a whip; an adder corpse The orc wizard hits you but does no damage.
The orc wizard points at you and mumbles some strange words.
The magic dart hits you!
You see here 18 sling bullets.
The orc wizard hits you but does no damage.
The orc wizard looks braver for a moment.
The orc wizard gestures at you while chanting.
The magic dart hits you!
* * * LOW HITPOINT WARNING * * *
You block the orc's attack.
You closely miss the orc.
The orc wizard points at you and mumbles some strange words.
The puff of frost hits you!
* * * LOW HITPOINT WARNING * * *
Drink which item? (? for menu, Esc to quit)
Really quaff
g - a potion of curing {!q}?
You feel better. You block the orc's attack.
The orc wizard points at you and mumbles some strange words.
The puff of flame hits you!
* * * LOW HITPOINT WARNING * * *
The orc wizard hits you but does no damage.
You block the orc wizard's attack.
The orc wizard gestures at you while chanting.
The puff of frost hits you!
The orc wizard points at you and mumbles some strange words.
The magic dart hits you!
* * * LOW HITPOINT WARNING * * *
You aren't carrying any potions.
Read which item? (? for menu, Esc to quit)
Okay, then.
Read which item? (? for menu, Esc to quit)
Really read
d - a scroll labeled BOQEYPIEPN {!r}?
As you read the scroll labeled BOQEYPIEPN {!r}, it crumbles to dust.
It is a scroll of enchant weapon.
Enchant which weapon? (? for menu, Esc to quit)
Your +2 dagger of freezing glows red for a moment.
You block the orc wizard's attack. The orc wizard casts a spell at you.
The magic dart hits you!
* * * LOW HITPOINT WARNING * * *
You closely miss the orc wizard.
You hit the orc wizard but do no damage.
The orc wizard is no longer moving quickly.
The orc wizard gestures at you while chanting.
The puff of frost hits you!
You die...

#########
#oo@....#
#.#####.#
###.#####.#
#......##.###
.....#.##o##.#.##
##.###........#.##
# ####....###O#
#####.#(## ##.##


You could see an orc wizard and an orc.

Vanquished Creatures
  Menkaure (D:7)
  A slave (D:4)
  2 giant frogs
  A hound (D:3)
  A giant frog skeleton (D:6)
  A crimson imp (Temple)
  2 orc wizards (D:7)
  A worker ant zombie (D:6)
  2 adders
  A worm (D:3)
  3 orcs
  3 hobgoblins
  2 jackals (D:3)
  A quokka (D:7)
  2 bats (D:3)
  A giant newt (D:1)
  2 goblins
  4 kobolds
  3 rats
34 creatures vanquished.

Notes
Turn   | Place    | Note
--------------------------------------------------------------
     0 | D:1      | Amnesiac the Deep Elf Fighter began the quest for the Orb.
     0 | D:1      | Reached XP level 1. HP: 13/13 MP: 3/3
   354 | D:2      | Found a shimmering altar of Xom.
   450 | D:3      | Reached XP level 2. HP: 14/18 MP: 4/4
   682 | D:3      | Reached skill level 3 in Short Blades
   897 | D:3      | You fall through a shaft for 3 floors!
   918 | D:6      | Reached XP level 3. HP: 5/22 MP: 5/5
  1093 | D:6      | Noticed an orc warrior
  1116 | D:6      | Noticed a giant frog
  1124 | D:7      | Killed a giant frog
  1124 | D:7      | Reached skill level 4 in Short Blades
  1124 | D:7      | Reached XP level 4. HP: 24/27 MP: 6/6
  1270 | D:7      | Noticed Menkaure
  1280 | D:7      | Killed Menkaure
  1280 | D:7      | Reached skill level 6 in Short Blades
  1280 | D:7      | Reached XP level 5. HP: 19/31 MP: 7/7
  1284 | D:7      | Found a staircase to the Ecumenical Temple.
  1290 | Temple   | Entered the Ecumenical Temple
  1423 | D:7      | Noticed an ogre
  1424 | D:7      | Noticed a sky beast
  1525 | D:6      | Reached XP level 6. HP: 33/36 MP: 8/8
  1629 | D:7      | Reached skill level 7 in Short Blades
  1840 | D:7      | Noticed an orc warrior
  1884 | D:6      | Found a deep blue altar of Sif Muna.
  1921 | D:5      | Entered Level 5 of the Dungeon
  1936 | D:5      | Noticed a slave
  1937 | D:5      | Noticed a slave
  1938 | D:5      | Noticed Pikel
  1938 | D:5      | Noticed a slave
  1938 | D:5      | Noticed a slave
  2028 | D:4      | Killed a slave
  2083 | D:4      | Found a sparkling altar of Nemelex Xobeh.
  2241 | D:3      | Killed from afar by an orc wizard

Skill      XL: |  1  2  3  4  5  6 |
---------------+-------------------+-----
Short Blades   | 3 4 6 7 |  7.3
Fighting       | |  2.4
Armour         | |  2.4
Shields        | |  2.4

Action                   |  1- 3 |  4- 6 || total
-------------------------+-------+-------++-------
Melee: Rapier            |    98 |    55 ||   153
       Dagger            |       |    65 ||    65
Throw: Javelin           |     2 |       ||     2
  Use: Potion            |       |     4 ||     4
       Scroll            |       |     8 ||     8
  Eat: Chunk             |       |     4 ||     4
       Fruit             |       |     1 ||     1
Armor: Scale mail        |    17 |       ||    17
       Ring mail         |    27 |    68 ||    95
Dodge: Dodged            |    18 |    38 ||    56
Block: Shield            |    58 |   112 ||   170
       Reflection        |     1 |     1 ||     2
